 Dungeon Crawl Stone Soup version 0.19.0 (webtiles) character file.

3073 TheGoonsmith the Carver (level 9, -3/68 HPs)
             Began as a Merfolk Gladiator on Nov 12, 2016.
             Was a Believer of Dithmenos.
             Killed by divine providence
             ... invoked by an orc priest
              (10 damage)
             ... on level 7 of the Dungeon on Nov 13, 2016.
             The game lasted 00:12:37 (7959 turns).

TheGoonsmith the Carver (Merfolk Gladiator)         Turns: 7959, Time: 00:12:38

Health: -3/68      AC: 12    Str: 15    XL:     9   Next: 88%
Magic:  9/9        EV: 17    Int:  8    God:    Dithmenos [**....]
Gold:   259        SH:  5    Dex: 17    Spells: 0 memorised, 8 levels left

rFire  . . .     SeeInvis .     a - +2 long sword
rCold  . . .     Gourm    .     e - +3 leather armour
rNeg   . . .     Faith    +     u - +0 buckler
rPois  .         Spirit   .     c - +2 helmet
rElec  .         Reflect  .     t - +0 cloak
rCorr  +         Harm     .     l - +0 pair of gloves
MR     .....                    f - +0 pair of boots
Stlth  ++........               v - amulet of faith
                                (no ring)
                                k - ring of resist corrosion

@: wreathed by umbra
A: change form in water, swift swim, stealthy swim
a: Shadow Step, Renounce Religion


You were on level 7 of the Dungeon.
You worshipped Dithmenos.
Dithmenos was pleased with you.
You were hungry.

You visited 2 branches of the dungeon, and saw 9 of its levels.

You collected 259 gold pieces.

Inventory:

Hand Weapons
 a - a +2 long sword (weapon)
Missiles
 d - a throwing net (quivered)
 n - 8 javelins
Armour
 b - a +0 leather armour
 c - a +2 helmet (worn)
 e - a +3 leather armour (worn)
 f - a +0 pair of boots (worn)
 l - a +0 pair of gloves (worn)
 s - a +0 ring mail
 t - a +0 cloak (worn)
 u - a +0 buckler (worn)
Jewellery
 i - a cursed amulet of inaccuracy {unknown}
 k - a ring of resist corrosion (left hand)
 v - an amulet of faith (around neck)
Wands
 p - a wand of digging (10/24)
 y - a wand of disintegration (3/24)
Scrolls
 h - 4 scrolls of remove curse
 o - 2 scrolls of noise
 r - 3 scrolls of identify
 w - a scroll of teleportation
 z - 3 scrolls of fog
 A - a scroll of amnesia {unknown}
Potions
 g - a potion of magic
 x - a potion of brilliance
 B - 2 potions of degeneration
 E - a potion of curing
Comestibles
 j - 4 bread rations
 m - 2 slices of pizza
 q - 2 meat rations
 D - a beef jerky


   Skills:
 + Level 5.4 Fighting
 * Level 12.1 Long Blades
 - Level 2.0 Throwing
 - Level 7.4 Dodging
 - Level 4.0 Shields


You had 8 spell levels left.
You didn't know any spells.

Dungeon Overview and Level Annotations

Branches:
Dungeon (8/15)             Temple (1/1) D:5
   Lair: D:8-11

Altars:
Ashenzari
Cheibriados
Dithmenos
Elyvilon
Fedhas
Gozag
Hepliaklqana
Kikubaaqudgha
Makhleb
Nemelex Xobeh
Okawaru
Qazlal
Ru
Sif Muna
Trog
Uskayaw
Vehumet
Xom
Yredelemnul
Zin
The Shining One

Shops:
D:6 (

Annotations:
D:4 Prince Ribbit


Message History

The orc priest hits you with a morningstar!
* * * LOW HITPOINT WARNING * * *
You hit the orc priest but do no damage.
The orc priest is moderately wounded.
The orc warrior hits you but does no damage.
You block the orc priest's attack.
You hit the orc priest.
The orc priest is heavily wounded.
You hit the orc priest.
The orc priest is severely wounded.
The orc priest closely misses you.
You riposte.
You hit the orc priest.
The orc priest is almost dead.
The orc warrior hits you with a broad axe.
* * * LOW HITPOINT WARNING * * *
Okay, then.
You closely miss the orc priest.
The orc priest is almost dead.
The orc priest invokes the aid of Beogh against you.
Beogh smites you!
You die...

#...#......##.#.#....#....##.##
#...#.....o##.#.#....#######.##
#...#(.....##.#.#....# ###.##
#......##.#.#....# #...##
#......##.#.#....# ##.####
#......##.#.#....# #......
##......##...#....#####.####
#............#.....##...# #
#...%.....o@.##...)##.#.# #
#..........#o##[...##.#.# #
#..........#>##....##.#.#
############.##.......#.#
#.######.###.###
#.######.......##
#............#.#.
###########..#)#. #..#.#.


You could see an orc warrior and an orc priest.

Vanquished Creatures
  A hippogriff (D:7)
  Grinder (D:5)
  Sigmund (D:5)
  Duvessa (D:7)
  An orc warrior (D:6)
  An ice beast (D:5)
  A phantom (D:4)
  2 sky beasts (D:6)
  5 ogres
  3 centaurs
  Blork the orc (D:5)
  3 bullfrogs
  Dowan (D:7)
  A scorpion (D:5)
  A howler monkey (D:6)
  2 hounds
  6 orc priests
  9 orc wizards
  3 iguanas
  Ijyb (D:3)
  4 worker ants
  A killer bee zombie (D:6)
  A hound skeleton (D:4)
  A worker ant zombie (D:5)
  7 adders
  A shadow imp (D:6)
  6 worms
  2 dart slugs (D:1)
  8 leopard geckos
  22 orcs
  6 bats
  2 giant cockroaches
  14 goblins
  6 hobgoblins
  3 jackals (D:3)
  4 quokkas
  A ball python (D:2)
  A frilled lizard (D:2)
  6 kobolds
  2 leopard gecko skeletons (D:7)
  2 quokka skeletons
  A quokka zombie (D:5)
  8 rats
154 creatures vanquished.

Notes
Turn   | Place    | Note
-------+----------+-------------------------------------------
     0 | D:1      | TheGoonsmith the Merfolk Gladiator began the quest for the Orb.
     0 | D:1      | Reached XP level 1. HP: 16/16 MP: 1/1
   177 | D:1      | Reached XP level 2. HP: 16/23 MP: 2/2
   690 | D:1      | Reached XP level 3. HP: 28/28 MP: 3/3
   903 | D:2      | Reached skill level 4 in Long Blades
  1733 | D:3      | Reached XP level 4. HP: 34/34 MP: 4/4
  2159 | D:3      | Reached skill level 1 in Shields
  2340 | D:3      | Reached skill level 5 in Long Blades
  2354 | D:3      | Noticed Ijyb
  2591 | D:3      | Reached XP level 5. HP: 23/40 MP: 5/5
  2983 | D:4      | Noticed a phantom
  2991 | D:4      | Noticed an ogre
  3010 | D:4      | Killed an ogre
  3021 | D:4      | Killed a phantom
  3021 | D:4      | Reached skill level 6 in Long Blades
  3021 | D:4      | Reached XP level 6. HP: 17/46 MP: 6/6
  3305 | D:3      | Killed Ijyb
  3555 | D:4      | Reached XP level 7. HP: 51/51 MP: 7/7
  3592 | D:4      | Reached skill level 7 in Long Blades
  4042 | D:4      | Reached skill level 8 in Long Blades
  4426 | D:5      | Entered Level 5 of the Dungeon
  4431 | D:5      | Noticed Blork the orc
  4445 | D:5      | Killed Blork the orc
  4445 | D:5      | Reached XP level 8. HP: 14/58 MP: 8/8
  4684 | D:5      | Noticed Prince Ribbit
  4697 | D:5      | HP: 2/58 [Prince Ribbit (10)]
  5017 | D:5      | Noticed Sigmund
  5465 | D:5      | Killed Sigmund
  5465 | D:5      | Reached skill level 9 in Long Blades
  5561 | D:5      | Reached skill level 5 in Dodging
  5570 | D:5      | Noticed Grinder
  5585 | D:5      | Killed Grinder
  5703 | D:5      | Reached skill level 10 in Long Blades
  5732 | D:5      | Found a staircase to the Ecumenical Temple.
  5831 | Temple   | Entered the Ecumenical Temple
  5942 | Temple   | Became a worshipper of Dithmenos the Shadowed
  6298 | D:6      | Reached XP level 9. HP: 65/65 MP: 9/9
  6532 | D:6      | Found Asmef's Weapon Shop.
  6606 | D:6      | Reached skill level 11 in Long Blades
  7283 | D:6      | Reached * piety under Dithmenos
  7695 | D:7      | Noticed Dowan
  7696 | D:7      | Noticed Duvessa
  7720 | D:7      | Killed Duvessa
  7720 | D:7      | Reached skill level 5 in Fighting
  7738 | D:7      | Killed Dowan
  7909 | D:7      | Reached skill level 12 in Long Blades
  7912 | D:7      | Reached ** piety under Dithmenos
  7959 | D:7      | Killed from afar by an orc priest

Skill      XL: |  1  2  3  4  5  6  7  8  9 |
---------------+----------------------------+-----
Long Blades    | 4 5 6 8 10 12 | 12.1
Shields        | 1 2 3 4 |  4.0
Fighting       | 3 4 5 |  5.4
Dodging        | 6 7 |  7.4
Throwing       | |  2.0

Action                   |  1- 3 |  4- 6 |  7- 9 || total
-------------------------+-------+-------+-------++-------
Melee: Long sword        |   127 |   183 |   382 ||   692
       Tailslap          |       |     4 |       ||     4
Throw: Throwing net      |       |       |     4 ||     4
Evoke: Wand              |       |       |     2 ||     2
  Use: Potion            |       |     6 |     5 ||    11
       Scroll            |       |     9 |     7 ||    16
 Stab: Sleeping          |     1 |       |     4 ||     5
       Held in net/web   |       |       |     2 ||     2
  Eat: Chunk             |     3 |     6 |     9 ||    18
       Bread ration      |       |       |     1 ||     1
Armor: Leather armour    |    29 |     4 |    88 ||   121
       Ring mail         |    36 |    45 |       ||    81
       Skin              |       |    19 |       ||    19
Dodge: Dodged            |   105 |   108 |   209 ||   422
Block: Buckler           |     2 |    33 |    68 ||   103
       Rpst.: Long sword |    28 |    26 |    52 ||   106
